 Dungeon Sprint DCSS version 0.26-a0-720-g2a1d101370 (webtiles) character file.

Game seed: 13320909671645455661

1346 mhtbhm the Cleaver (level 8, -12/80 HPs)
             Began as a Hill Orc Fighter on Nov 2, 2020.
             Was a Believer of Okawaru.
             Mangled by a death knight
             ... wielding a +1 battleaxe
              (28 damage)
             ... in the Dungeon (Sprint IX: "|||||||||||||||||||||||||||||").
             The game lasted 00:01:58 (809 turns).

mhtbhm the Cleaver (Hill Orc Fighter)                Turns: 809, Time: 00:01:59

Health: -12/80     AC: 14    Str: 24    XL:     8   Next: 62%
Magic:  8/8        EV: 10    Int:  8    God:    Okawaru [**....]
Gold:   0          SH: 12    Dex: 10    Spells: 7/7 levels left

rFire    . . .     SeeInvis .   a - +3 war axe (freeze)
rCold    . . .     Faith    .   c - +0 kite shield
rNeg     . . .     Spirit   .   b - +2 ring mail
rPois    .         Reflect  .   n - +0 helmet
rElec    .         Harm     .   (no cloak)
rCorr    .         Rampage  .   o - +0 pair of gloves
MR       .....     NoTele   +   (no boots)
Stlth    ..........             (no amulet)
HPRegen  0.23/turn              p - +3 ring of strength
MPRegen  0.11/turn              q - +2 ring of protection

@: no status effects
A: no striking features
a: Heroism, Renounce Religion


You were in the Dungeon.
You worshipped Okawaru.
Okawaru was pleased with you.
You visited 1 branch

Inventory:

Hand Weapons
 a - a +3 war axe of freezing (weapon)
Armour
 b - a +2 ring mail (worn)
 c - a +0 kite shield (worn)
 n - a +0 helmet (worn)
 o - a +0 pair of gloves (worn)
Jewellery
 p - a +3 ring of strength (left hand)
 q - a +2 ring of protection (right hand)
Wands
 m - a wand of iceblast (10)
Scrolls
 j - 2 scrolls of blinking
 k - 3 scrolls of remove curse
 l - 2 scrolls of amnesia
Potions
 d - a potion of might
 e - 5 potions of curing
 f - 2 potions of heal wounds
 g - a potion of haste
 h - 4 potions of magic
 i - a potion of invisibility


   Skills:
 + Level 10.5 Fighting
 + Level 13.0 Axes
 + Level 10.8 Armour
 + Level 1.2 Dodging
 + Level 10.5 Shields


You had 7 spell levels left.
You didn't know any spells.
Your spell library was empty.

Dungeon Overview and Level Annotations

Branches:
Dungeon (1/1)

Altars:
Cheibriados
Dithmenos
Elyvilon
Fedhas
Gozag
Hepliaklqana
Kikubaaqudgha
Makhleb
Nemelex Xobeh
Okawaru
Qazlal
Ru
Sif Muna
Trog
Uskayaw
Vehumet
Wu Jian
Xom
Yredelemnul
Zin
The Shining One
Beogh
Jiyva
Lugonu


Message History

The death knight is lightly wounded.
The death knight hits you with a +1 battleaxe.
You hit the death knight but do no damage.
The death knight is lightly wounded.
You block the death knight's attack.
You hit the death knight but do no damage.
The death knight is lightly wounded.
Your shield and ring mail prevent you from hitting the death knight.
The death knight is lightly wounded.
The death knight hits you with a +1 battleaxe!!
* * * LOW HITPOINT WARNING * * *
You closely miss the death knight.
The death knight is lightly wounded.
The death knight hits you but does no damage.
You hit the death knight. You freeze the death knight.
The death knight is moderately wounded.
You hit the death knight. You freeze the death knight.
The death knight is moderately wounded.
The death knight hits you with a +1 battleaxe!!
You die... ▓▓▓▓▓▓▓▓▓▓▓▓▓▓▓▓▓▓▓▓▓▓▓▓ ..)..)[..[......@pFYYZ.+ ▓▓▓▓▓▓▓▓▓▓▓▓▓▓▓▓▓▓▓▓▓▓▓▓

You could see a death knight, a yak, an ice beast, a bullfrog and an adder zombie.

Vanquished Creatures
  A two-headed ogre (D)
  A troll (D)
  A phantom (D)
  An ogre (D)
  A centaur (D)
  A bullfrog (D)
  A scorpion (D)
  A howler monkey (D)
  A jelly (D)
  A hound (D)
  2 oozes (D)
  An orc (D)
  2 goblins (D)
  A quokka (D)
  A rat (D)
17 creatures vanquished.

Notes
Turn   | Place    | Note
-------+----------+-------------------------------------------
     0 | D        | mhtbhm the Hill Orc Fighter began the quest for the Orb.
     0 | D        | Reached XP level 1. HP: 19/19 MP: 1/1
     1 | D        | Banished a spatial maelstrom
     6 | D        | Reached skill level 3 in Axes
     6 | D        | Reached XP level 2. HP: 28/28 MP: 2/2
   117 | D        | Noticed a howler monkey
   117 | D        | Noticed a phantom
   117 | D        | Noticed a centaur
   126 | D        | Killed a howler monkey
   126 | D        | Reached skill level 5 in Fighting
   126 | D        | Reached skill level 4 in Axes
   126 | D        | Reached skill level 5 in Armour
   126 | D        | Reached skill level 5 in Shields
   126 | D        | Reached XP level 3. HP: 27/37 MP: 3/3
   129 | D        | Reached XP level 4. HP: 24/45 MP: 4/4
   131 | D        | Reached skill level 5 in Axes
   133 | D        | Killed a centaur
   133 | D        | Reached skill level 6 in Axes
   133 | D        | Reached XP level 5. HP: 21/52 MP: 5/5
   153 | D        | Found a roughly hewn altar of Beogh.
   153 | D        | Found a snail-covered altar of Cheibriados.
   153 | D        | Found a shadowy altar of Dithmenos.
   153 | D        | Found a white marble altar of Elyvilon.
   153 | D        | Found a blossoming altar of Fedhas.
   153 | D        | Found an opulent altar of Gozag.
   154 | D        | Found a hazy altar of Hepliaklqana.
   155 | D        | Found a viscous altar of Jiyva.
   187 | D        | Killed a phantom
   187 | D        | Reached skill level 8 in Axes
   187 | D        | Reached XP level 6. HP: 11/61 MP: 6/6
   189 | D        | Found an ancient bone altar of Kikubaaqudgha.
   190 | D        | Found a corrupted altar of Lugonu.
   191 | D        | Found a burning altar of Makhleb.
   192 | D        | Found a sparkling altar of Nemelex Xobeh.
   193 | D        | Found an iron altar of Okawaru.
   194 | D        | Found a stormy altar of Qazlal.
   195 | D        | Found a sacrificial altar of Ru.
   196 | D        | Found a shimmering blue altar of Sif Muna.
   197 | D        | Found a bloodstained altar of Trog.
   198 | D        | Found a hide-covered altar of Uskayaw.
   199 | D        | Found a radiant altar of Vehumet.
   200 | D        | Found an ornate altar of the Wu Jian Council.
   201 | D        | Found a shimmering altar of Xom.
   202 | D        | Found a basalt altar of Yredelemnul.
   233 | D        | Became a worshipper of Warmaster Okawaru
   236 | D        | Found a glowing silver altar of Zin.
   237 | D        | Found a glowing golden altar of the Shining One.
   478 | D        | Noticed a two-headed ogre
   478 | D        | Noticed a troll
   491 | D        | Killed a two-headed ogre
   491 | D        | Reached * piety under Okawaru
   491 | D        | Reached ** piety under Okawaru
   491 | D        | Reached skill level 10 in Fighting
   491 | D        | Reached skill level 12 in Axes
   491 | D        | Reached skill level 10 in Armour
   491 | D        | Reached skill level 1 in Dodging
   491 | D        | Reached XP level 7. HP: 11/72 MP: 7/7
   491 | D        | Reached XP level 8. HP: 12/79 MP: 8/8
   493 | D        | Reached skill level 10 in Shields
   502 | D        | Killed a troll
   797 | D        | Noticed a death knight
   797 | D        | Noticed a yak
   798 | D        | Reached skill level 13 in Axes
   809 | D        | Mangled by a death knight

Illustrated notes

Levels and vault maps discovered:
D:        linesprint [early_d, line_temple, items_1, d_10, items_2, lair_1,
          lair_end, items_3, orc_1, orc_end, items_4, d_15, swamp_1, shoals_1,
          snake_1, spider_1, d_20, vaults_1, items_5, swamp_end, shoals_end,
          snake_end, spider_end, vaults_end, d_27, items_6, zot_1, zot_end,
          crypt_end, forest_end, elf_end, slime_end, tomb_end, abyss_end,
          pan_hell_end]

Skill      XL: |  1  2  3  4  5  6  7  8 |
---------------+-------------------------+-----
Fighting       | 4 5 6 7 8 10 | 10.5
Axes           | 3 4 6 8 12 13 | 13.0
Armour         | 4 5 7 8 10 | 10.8
Shields        | 4 5 7 9 10 | 10.5
Dodging        | 1 |  1.2

Action                   |  1- 3 |  4- 6 |  7- 9 || total
-------------------------+-------+-------+-------++-------
Melee: War axe           |    20 |    34 |    26 ||    80
  Use: Potion            |     1 |       |     1 ||     2
Armor: Scale mail        |     4 |     5 |       ||     9
       Ring mail         |       |     2 |    10 ||    12
Dodge: Dodged            |     7 |     8 |     6 ||    21
Block: Kite shield       |     4 |    13 |    11 ||    28

Table legend: (Time is in decaauts)
 A = Elapsed time spent in this place.
 B = Non-inter-level travel time spent in this place.
 C = Inter-level travel time spent in this place.
 D = Time resting spent in this place.
 E = Time spent auto-exploring this place.
 F = Levels seen in this place.
 G = Mean time per level.
                   A        B        C        D        E       F      G
               +--------+--------+--------+--------+--------+-----+--------+
         Total |    825 |    825 |      0 |    563 |      0 |   1 |  825.0 |
       Dungeon |    825 |    825 |      0 |    563 |      0 |   1 |  825.0 |
               +--------+--------+--------+--------+--------+-----+--------+

Top non-repeatable levels by time:
       D: 825 daAuts
